Map: Automaton LE

Players

zLordMendin - Winner!

  • Race: Zerg Zerg
  • Spawn Location: 9:00

A.I. 1 (Easy)

  • Race: Zerg Zerg
  • Spawn Location: 3:00

VOD

Have the link to the VOD?

Description

Time

  • Played on: Jan. 24, 2019, 7:52 p.m.
  • Length: 9:14
Show
View Real Time Build Order
Export as new Build Order

zLordMendin Zerg - Winner!

Build Orders: Pool First 

Get SALT Encoding   

  12  0:01  Drone  
  13  0:09  Drone  
  13  0:14  Extractor  
  13  0:16  Drone  
  14  0:26  Overlord  
  14  0:45  Spawning Pool  
  13  0:51  Drone  
  13  0:56  Drone  
  15  1:01  Drone  
  16  1:32  Zergling x6  
  19  1:33  Metabolic Boost  
  19  1:37  Queen  
  21  1:49  Drone  
  22  1:55  Overlord  
  22  2:19  Zergling x4  
  22  2:37  Zergling x4  
  25  2:51  Zergling x6  
  26  2:58  Drone  
  25  3:15  Zergling x4  
  27  3:31  Zergling x6  
  26  3:51  Zergling x4  
  27  3:59  Hatchery  
  26  4:08  Zergling x6  
  29  4:30  Zergling x8  
  28  4:38  Zergling x2  
  27  5:00  Zergling x4  
  27  5:13  Zergling x4  
  27  5:14  Zergling x4  
  30  5:18  Queen  
  28  5:22  Zergling x2  
  27  5:40  Drone  
  27  5:41  Drone  
  27  5:52  Zergling x8  
  31  6:01  Drone x2  
  33  6:05  Queen  
  33  6:06  Overlord  
  33  6:07  Overlord  
  35  6:14  Lair  
  35  6:20  Roach Warren  
  34  6:31  Zergling x14  
  34  6:32  Zergling x2  
  35  6:49  Zergling x8  
  37  7:01  Roach x6  
  48  7:22  Zergling x8  
  50  7:23  Zergling x2  
  48  8:20  Zergling x8  
  48  8:24  Overlord x5  
  51  8:53  Zergling x14  
  51  8:54  Zergling x10  
Show
View Real Time Build Order
Export as new Build Order

A.I. 1 (Easy) Zerg 

Build Orders: Hatch First 

Get SALT Encoding   

  12  0:01  Drone  
  13  0:12  Overlord  
  13  0:17  Drone  
  14  0:30  Drone  
  14  0:35  Drone  
  16  0:53  Hatchery  
  16  0:54  Drone  
  16  1:09  Spawning Pool  
  15  1:12  Drone  
  15  1:15  Extractor  
  15  1:18  Drone  
  16  1:26  Overlord  
  16  1:58  Queen, Zergling x2  
  16  1:59  Zergling x2  
  16  2:00  Roach Warren  
  16  2:01  Extractor  
  18  2:03  Drone  
  18  2:08  Drone  
  20  2:16  Zergling x2  
  20  2:21  Zergling x2  
  22  2:25  Zergling x2  
  22  2:29  Zergling x2  
  24  2:34  Drone  
  23  2:39  Zergling x2  
  23  2:43  Drone  
  25  2:48  Drone  
  26  2:59  Drone  
  26  3:03  Drone  
  28  3:07  Roach  
  28  3:09  Overlord  
  30  3:14  Drone  
  30  3:19  Drone  
  32  3:35  Roach  
  32  3:41  Queen  
  30  3:46  Drone  
  33  3:51  Drone  
  33  4:01  Drone  
  34  4:03  Roach  
  34  4:09  Overlord  
  36  4:13  Drone  
  37  4:17  Drone  
  37  4:22  Drone  
  38  4:26  Drone  
  38  4:31  Drone  
  37  4:35  Lair  
  34  5:00  Drone  
  34  5:04  Drone  
  29  5:09  Drone  
  29  5:15  Drone  
  27  5:23  Queen  
  27  5:24  Drone  
  30  5:29  Drone  
  30  5:33  Drone  
  32  5:37  Hydralisk Den, Drone  
  32  5:42  Drone  
  33  5:46  Drone  
  34  5:51  Drone  
  35  5:59  Drone  
  35  6:04  Drone  
  37  6:06  Hydralisk  
  37  6:08  Drone  
  40  6:12  Drone  
  40  6:16  Drone  
  42  6:21  Drone  
  42  6:25  Drone  
  44  6:29  Overlord  
  44  6:33  Drone  
  44  6:34  Roach  
  44  6:37  Drone  
  47  6:42  Drone  
  47  6:46  Drone  
  43  6:50  Drone  
  38  6:58  Drone  
  39  7:01  Hydralisk  
  39  7:03  Drone  
  39  7:07  Drone  
  43  7:11  Drone  
  40  7:18  Queen  
  34  7:24  Hydralisk  
  27  7:35  Drone  
  27  7:39  Hydralisk  
  27  7:40  Drone  
  24  8:00  Hatchery  
  16  8:06  Drone  
  16  8:07  Zergling x2  
  5  8:12  Drone  
  5  8:14  Drone  
  5  8:15  Drone x2  
  4  8:32  Drone  
  3  8:35  Roach  
Tags
 
Add a new tag
Caveats
  • Supply blocks, unpowered buildings, or Contaminate may cause inaccurate times.
  • Supply counts are checked every 10 seconds.